 Dungeon Crawl Stone Soup version 0.21-a0-509-gecc5317 (webtiles) character file.

30 BingusPrime the Cutter (level 3, 27/27 HPs)
             Began as a Vampire Gladiator on Nov 30, 2017.
             Safely got out of the dungeon.
             The game lasted 00:01:58 (952 turns).

BingusPrime the Cutter (Vampire Gladiator)           Turns: 952, Time: 00:01:59

Health: 27/27      AC:  4    Str: 13    XL:     3   Next: 5%
Magic:  3/3        EV: 13    Int: 10    God:
Gold:   50         SH:  0    Dex: 16    Spells: 2/2 levels left

rFire    . . .     SeeInvis +   a - +0 rapier
rCold    . . .     Gourm    .   (no shield)
rNeg     + . .     Faith    .   b - +0 leather armour
rPois    .         Spirit   .   c - +0 helmet
rElec    .         Reflect  .   (no cloak)
rCorr    .         Harm     .   (no gloves)
MR       .....                  (no boots)
Stlth    +.........             (no amulet)
HPRegen  0.09/turn              (no ring)
MPRegen  0.08/turn              (no ring)

@: no status effects
A: fangs 3, see invisible, unbreathing
a: Bat Form


You escaped.
You were not thirsty.

You visited 1 branch of the dungeon, and saw 1 of its levels.

You collected 50 gold pieces.

Inventory:

Hand Weapons
 a - a +0 rapier (weapon)
Missiles
 d - 3 throwing nets (quivered)
Armour
 b - a +0 leather armour (worn)
 c - a +0 helmet (worn)
Jewellery
 l - an uncursed ring of magical power {unknown}
Scrolls
 f - 2 scrolls of identify {unknown}
 h - a scroll of amnesia {unknown}
 i - a scroll of remove curse {unknown}
 k - a scroll of fog {unknown}
Potions
 e - a potion of blood
 g - a potion of cancellation {unknown}
 j - a potion of invisibility {unknown}


   Skills:
 * Level 2.0 Fighting
 * Level 4.4 Short Blades
 - Level 1.5 Throwing
 - Level 3.3 Dodging
 + Level 0.4 Stealth


You had 2 spell levels left.
You didn't know any spells.

Dungeon Overview and Level Annotations

Branches:
Dungeon (1/15)

Altars:


Innate Abilities, Weirdness & Mutations

You have razor-sharp teeth.
You have supernaturally acute eyesight. (SInv)
You can survive without breathing.


Message History

You miss the kobold. The kobold barely misses you.
You barely miss the kobold. The kobold hits you but does no damage.
You closely miss the kobold. The kobold completely misses you.
You hit the kobold. You bite the kobold.
You kill the kobold!
No target in view!
Things that are here:
a dagger; 3 stones; a kobold corpse
Things that are here:
a dagger; 3 stones; a kobold corpse You now have 50 gold pieces (gained 7).
Done exploring.
Done exploring.
Done exploring.
Unknown command.
Things that are here:
a dagger; 3 stones; a kobold corpse
There is a staircase leading out of the dungeon here.
Are you sure you want to leave the Dungeon?
This will make you lose the game!
You have escaped!

.##.#.......................#.###
###.#.#..###.#..#.##.###..#.#.###
# #.#.##.#..###.#.##...#.##.#....
# #.#..#........#.......)#..#..#.
# #.##...######.#.######...##..#.
# #..##...## #...# ##...##.>.#. #
##..##...## ##### ##...##....#. #
##..##...###...###...##..#..## #
##..##...#..@..#...##..###... #
##..##...........##..## #### #
##..###...#....##..## # #
##...##########..## # #
###............## #
############## # #### #... #.##


There were no monsters in sight!

Vanquished Creatures
  An ooze (D:1)
  A dart slug (D:1)
  3 leopard geckos (D:1)
  3 giant cockroaches (D:1)
  3 hobgoblins (D:1)
  A ball python (D:1)
  4 bats (D:1)
  2 frilled lizards (D:1)
  A kobold (D:1)
  4 rats (D:1)
23 creatures vanquished.

Notes
Turn   | Place    | Note
-------+----------+-------------------------------------------
     0 | D:1      | BingusPrime the Vampire Gladiator began the quest for the Orb.
     0 | D:1      | Reached XP level 1. HP: 16/16 MP: 1/1
   152 | D:1      | Reached XP level 2. HP: 18/22 MP: 2/2
   204 | D:1      | Reached skill level 4 in Short Blades
   578 | D:1      | Reached XP level 3. HP: 26/27 MP: 3/3
   952 | D:$      | Safely got out of the dungeon.

Vault maps used:
D:1:      dpeg_chamrin_arrival_tetris

Skill      XL: |  1  2 |
---------------+-------+-----
Fighting       | 2 |  2.0
Short Blades   | 4 |  4.4
Throwing       | |  1.5
Dodging        | |  3.3
Stealth        | |  0.4

Action                   || total
-------------------------++-------
Melee: Rapier            ||    77
       Bite              ||     7
 Stab: Sleeping          ||     1
Armor: Leather armour    ||    21
Dodge: Dodged            ||    58

Table legend:
 A = Spawn XP
 B = Non-spawn XP
 C = Spawn XP percentage of total XP
 D = Spawn monster count
 E = Non-spawn monster count
 F = Spawn count percentage of total count
 G = Total turns spent on level
                    A         B        C        D         E        F      G
               +---------+---------+-------+---------+---------+-------+---------
         Total |       0 |      44 |   0.0 |       0 |      23 |   0.0 |   952
               +---------+---------+-------+---------+---------+-------+---------
           D:1 |       0 |      44 |   0.0 |       0 |      23 |   0.0 |   952
               +---------+---------+-------+---------+---------+-------+---------
